Cogmind - Beta 12 X1 @@@ ROGUE MODE // 2022.08.14 @ 14:13:20 Player: Exp. Geonium Core Result: Destroyed by H-66 Slayer with Gauss Rifle Performance ------------- Evolutions (5) 2500 Regions Visited (20) 4000 Robots Destroyed (142) 710 Value Destroyed (7324) 7324 Prototype IDs (29) 580 Alien Tech Used (1) 200 Bonus (6453) 6453 TOTAL SCORE: 21767 Bonus ------- High Alert Combat Kills 840 Follower Combat Kills 2057 Entered Garrisons 1000 Used RIF Installer 3000 Aligned with FarCom 300 Friendly Fire -744 Cogmind --------- Core Integrity 0/1000 Matter 183/300 Energy 97/100 System Corruption 7% Temperature Cool (0) Movement Core (50) Location -5/Factory Parts ------- > --- POWER (1) -------- (None) > --- PROPULSION (4) --- (None) > --- UTILITY (10) ----- Graphene Brace System Shield Advanced System Shield Relay Coupler [Grunt] (15) Relay Coupler [Specialist] (4) Relay Coupler [Specialist] (19) > --- WEAPON (2) ------- (None) > --- INVENTORY (5) ---- Advanced Cooling System Coolant Injector Great Axe Greatsword Peak State ------------ > --- POWER ------------ Light Quantum Reactor > --- PROPULSION ------- Improved Treads Improved Treads Medium Treads Improved Medium Treads > --- UTILITY ---------- Improved Cooling System Huge Storage Unit Improved Medium Armor Plating Graphene Brace Improved Hacking Suite System Shield Relay Coupler [Grunt] Relay Coupler [Sentry] Relay Coupler [Demolisher] Relay Coupler [Specialist] > --- WEAPON ----------- Enhanced Nova Cannon Remote Datajack > --- INVENTORY -------- Quantum Reactor Light Quantum Reactor Improved Treads Improved Medium Treads Coolant Injector Remote Shield Relay Coupler [NC] Relay Coupler [Swarmer] Relay Coupler [Grunt] Relay Coupler [Duelist] Relay Coupler [Sentry] Relay Coupler [Sentry] Relay Coupler [Sentry] Relay Coupler [Specialist] Relay Coupler [Hunter] Enhanced Nova Cannon Long-range Missile Launcher Long-range Missile Launcher Remote Datajack Great Axe Greatsword Power Sword Power Sword CR-A16's Pointy Stick [Rating: 87] Favorites ----------- Power Ion Engine Engine Ion Engine Power Core Light Nuclear Core Reactor Light Quantum Reactor Propulsion Light Treads Treads Light Treads Leg Carbon-fiber Leg Wheel Armored Wheel Utility Relay Coupler [Sentry] Device Graphene Brace Storage High-capacity Storage Unit Processor Advanced Targeting Computer Hackware Relay Coupler [Sentry] Protection Layered Heavy Armor Plating Weapon Remote Datajack Energy Gun Small Laser Energy Cannon Enhanced Nova Cannon Ballistic Gun Light Assault Rifle Ballistic Cannon Hardcell Cannon Launcher Mini Grenade Launcher Special Weapon Remote Datajack Slashing Weapon Power Sword Piercing Weapon CR-A16's Pointy Stick Special Melee Weapon Improved Datajack Build | -11 -10 -10 -10 -9 -8 -8 -8 -8 -7 -7 -6 -6 -6 -6 -6 -6 -5 -5 -5 -5 ------- Run | Scr Mat Min Exi Min Mat Gar Mat Gar Fac Gar Fac Gar Fac Low Low Zio Pro Fac Gar Fac Slots Evolved 10 | . . . . . 4 . . . 2 . 2 . . . . . . 2 . . Power . | . . . . . . . . . . . . . . . . . . . . . Propulsion 2 | . . . . . 1 . . . . . 1 . . . . . . . . . Utility 8 | . . . . . 3 . . . 2 . 1 . . . . . . 2 . . Weapon . | . . . . . . . . . . . . . . . . . . . . . Parts Attached 231 | 3 1 . 4 4 8 36 10 12 3 27 5 14 15 7 6 . 5 1 37 33 Power 12 | . . . . . . 2 . 1 . 1 . 1 1 1 . . . . 3 2 Engine 6 | . . . . . . 2 . 1 . . . . 1 1 . . . . 1 . Core 2 | . . . . . . . . . . 1 . 1 . . . . . . . . Reactor 4 | . . . . . . . . . . . . . . . . . . . 2 2 Propulsion 62 | 2 . . 2 1 1 8 . 4 . 10 1 1 4 3 . . 2 . 9 14 Treads 29 | 2 . . . . . 6 . . . 7 1 1 1 3 . . 2 . 5 1 Leg 12 | . . . . . . . . . . 2 . . . . . . . . 4 6 Wheel 21 | . . . 2 1 1 2 . 4 . 1 . . 3 . . . . . . 7 Hover . | . . . . . . . . . . . . . . . . . . . . . Flight . | . . . . . . . . . . . . . . . . . . . . . Utility 75 | . 1 . 2 . 4 5 7 3 2 7 2 6 3 2 4 . 1 1 13 12 Device 11 | . . . . . . 1 1 1 . . . 1 . 1 . . . . 5 1 Storage 6 | . 1 . 2 . . 1 . . . 1 . . 1 . . . . . . . Processor 3 | . . . . . 1 1 . . . . . . . . . . . . . 1 Hackware 45 | . . . . . 1 . 6 2 2 5 2 5 2 1 3 . . 1 5 10 Protection 10 | . . . . . 2 2 . . . 1 . . . . 1 . 1 . 3 . Artifact . | . . . . . . . . . . . . . . . . . . . . . Weapon 82 | 1 . . . 3 3 21 3 4 1 9 2 6 7 1 2 . 2 . 12 5 Energy Gun . | . . . . . . . . . . . . . . . . . . . . . Energy Cannon 3 | . . . . . . . . . . . . . . . . . . . 2 1 Ballistic Gun 23 | 1 . . . 1 3 13 1 . . 3 1 . . . . . . . . . Ballistic Cannon 4 | . . . . . . . . . . 1 . 2 . . . . . . 1 . Launcher 14 | . . . . 2 . 2 . 1 . . . 1 3 . 1 . 1 . 2 1 Special Weapon 16 | . . . . . . . 1 1 1 2 . 1 2 1 1 . 1 . 3 2 Impact Weapon . | . . . . . . . . . . . . . . . . . . . . . Slashing Weapon 19 | . . . . . . 6 . 2 . 3 1 2 2 . . . . . 2 1 Piercing Weapon 2 | . . . . . . . . . . . . . . . . . . . 2 . Special Melee Weapon 1 | . . . . . . . 1 . . . . . . . . . . . . . Unidentified Prototypes 1 | . . . . . . . . . . . . . . . . . 1 . . . Parts Lost 80 | . . . . . 1 12 . . . 10 1 6 4 . . . 2 2 18 24 Power 9 | . . . . . . 2 . . . 1 . 2 . . . . . . 2 2 Propulsion 36 | . . . . . . 4 . . . 5 . 2 2 . . . 2 1 6 14 Utility 19 | . . . . . . 3 . . . 1 1 1 1 . . . . 1 6 5 Weapon 16 | . . . . . 1 3 . . . 3 . 1 1 . . . . . 4 3 Highest Loss Streak 17 | . . . . . 1 6 . . . 6 1 2 2 . . . 1 2 15 17 To Critical Strikes . | . . . . . . . . . . . . . . . . . . . . . Average Slot Usage (%) 87 | . 85 85 85 85 85 79 90 95 100 89 89 83 90 98 99 100 99 91 84 91 Engine 5 | . 14 14 14 14 9 3 9 9 7 1 . . 4 6 6 6 6 5 3 1 Treads 14 | . 28 28 22 . . 14 27 12 . 12 20 18 8 25 26 26 25 22 10 3 Leg 1 | . . . . . . . . . . 2 . . . . . . . . 9 12 Wheel 7 | . . . 5 28 27 11 . 14 23 4 . . 8 . . . . . . 5 Device 3 | . . . . . . 7 4 11 15 1 . . . 4 1 . . . 10 2 Storage 8 | . 14 14 14 14 9 8 9 9 7 7 6 6 6 6 6 6 6 5 5 4 Processor 2 | . . . . . 9 9 . . . . . . . . . . . . . 1 Hackware 23 | . . . . . 4 1 16 20 30 42 42 42 46 40 40 40 40 39 28 45 Protection 2 | . . . . . 13 8 6 . . . . . . . 3 6 5 4 1 . Ballistic Gun 6 | . 28 28 28 21 13 9 2 1 . . . . . . . . . . . . Launcher 1 | . . . . 6 . 3 . 5 . . . . 1 . . . . . 1 . Special Weapon 2 | . . . . . . . 2 3 7 5 6 1 4 5 5 6 5 5 1 4 Slashing Weapon 3 | . . . . . . 1 6 7 7 6 5 4 4 6 6 6 6 5 2 4 Naked Turns . | . . . . . . . . . . . . . . . . . . . . . Heaviest Build 217 | 13 28 28 208 210 217 217 73 60 59 61 51 58 97 106 111 104 109 104 125 100 Greatest Support 120 | 40 40 40 40 24 34 60 60 60 36 100 120 120 70 110 110 110 118 111 104 63 Greatest Overweight (x) 29 | . . . 8 8 6 6 1 1 1 14 . 1 3 3 1 . 1 1 29 8 Average Overweight (x) 1 | . . . 1 8 6 3 . . 1 . . . 1 . . . . . 1 1 Largest Inventory Capacity 35 | 8 15 15 35 35 35 35 20 20 20 20 20 20 25 25 25 25 25 25 25 25 Average Capacity 23 | 8 8 15 20 35 35 26 20 20 20 20 20 20 21 25 25 25 25 25 25 24 Most Carried 35 | 6 8 12 18 23 22 35 20 20 19 20 19 20 25 25 23 22 25 25 25 25 Average Carried 19 | 4 6 10 13 19 19 19 18 18 18 19 18 19 21 23 21 21 23 25 23 21 Final Capacity 35 | 8 15 15 35 35 35 20 20 20 20 20 20 20 25 25 25 25 25 25 25 5 Final Carried 25 | 1 8 12 18 23 22 20 16 20 18 19 18 20 24 23 21 22 25 25 24 5 Class Distribution -------------------- 35% | Botlord-Mutant 24% | Bothacker-Mutant 20% | Hauler-Mutant 18% | Mutant Dominant Class ---------------- Mutant | -10/Materials Mutant | -10/Mines Mutant | -10/Exiles Hauler-Mutant | -9/Mines Hauler-Mutant | -8/Materials Mutant | -8/Garrison Bothacker-Mutant | -8/Materials Bothacker-Mutant | -8/Garrison Bothacker-Mutant | -7/Factory Bothacker-Mutant | -7/Garrison Bothacker-Mutant | -6/Factory Bothacker-Mutant | -6/Garrison Botlord-Mutant | -6/Factory Botlord-Mutant | -6/Lower Caves Botlord-Mutant | -6/Lower Caves Botlord-Mutant | -6/Zion Botlord-Mutant | -5/Proximity Caves Botlord-Mutant | -5/Factory Botlord-Mutant | -5/Garrison Botlord-Mutant | -5/Factory Resources | -11 -10 -10 -10 -9 -8 -8 -8 -8 -7 -7 -6 -6 -6 -6 -6 -6 -5 -5 -5 -5 ----------- Run | Scr Mat Min Exi Min Mat Gar Mat Gar Fac Gar Fac Gar Fac Low Low Zio Pro Fac Gar Fac Matter Collected 4544 | 199 72 3 80 182 220 794 123 321 . 414 137 43 512 244 118 . 179 37 487 379 Remotely . | . . . . . . . . . . . . . . . . . . . . . Salvage Created 4677 | . 125 . . 77 408 1451 133 560 . 47 50 95 433 52 17 . 178 . 350 701 Parts 273 | . 4 . . 13 24 80 6 25 . 5 2 9 37 . 2 . 1 . 20 45 Haulers Intercepted 1 | . . . . . 1 . . . . . . . . . . . . . . . Recyclers Shooed 2 | . . . . . . . . . . . . . 1 . . . . . . 1 Parts Field Recycled . | . . . . . . . . . . . . . . . . . . . . . Retrieved Matter . | . . . . . . . . . . . . . . . . . . . . . Parts Self-Destructed 16 | . . . . . . . . . . . . . . 2 8 . 6 . . . Prevented 1 | . . . . . . . . . . . . . . . 1 . . . . . Kills | -11 -10 -10 -10 -9 -8 -8 -8 -8 -7 -7 -6 -6 -6 -6 -6 -6 -5 -5 -5 -5 ------- Run | Scr Mat Min Exi Min Mat Gar Mat Gar Fac Gar Fac Gar Fac Low Low Zio Pro Fac Gar Fac Combat Hostiles Destroyed 113 | . 3 . . 13 6 35 2 12 . 1 1 5 9 . 1 . 8 . 11 6 Melee 19 | . . . . . . 2 1 3 . 1 . 1 3 . 1 . 2 . . 5 Guns 37 | . 3 . . . 6 26 1 . . . 1 . . . . . . . . . Cannons 4 | . . . . . . . . . . . . 2 . . . . . . 1 1 AOE 52 | . . . . 13 . 7 . 9 . . . 2 6 . . . 6 . 9 . Classes Destroyed 19 | . 2 . . 3 6 1 . 1 . . . . 2 . 1 . . . 2 1 Worker 8 | . 1 . . . . . . . . . . . 3 . . . . . . 4 Builder 9 | . . . . 1 1 . 1 . . . . . 1 . . . . . . 5 Tunneler 3 | . . . . . . . . . . . . . 2 . . . . . . 1 Hauler 1 | . . . . . 1 . . . . . . . . . . . . . . . Recycler 3 | . . . . . . . . 1 . . . . 1 . . . . . . 1 Mechanic 1 | . . . . . . . . . . . . . . . . . . . . 1 Operator 1 | . . . . . 1 . . . . . . . . . . . . . . . Watcher 4 | . . . . . 2 . . . . . . . 1 . . . . . 1 . Swarmer 35 | . . . . 11 . 7 . 8 . 2 . . . . . . 2 . 5 . Cutter 4 | . . . . . . . . . . . . . 4 . . . . . . . Grunt 31 | . 3 . . . 3 13 1 2 . . . 2 . . . . 5 . 2 . Duelist 2 | . . . . . . 1 1 . . . . . . . . . . . . . Sentry 16 | . . . . . 1 10 . 2 . . . . 2 . . . 1 . . . Specialist 3 | . . . . . . . . . . . . . . . . . . . 3 . Hunter 9 | . . . . . 1 1 . . . . 1 2 . . . . . . . 4 Programmer 10 | . . . . . 1 3 . . . . . 1 3 . . . . . . 2 Behemoth 1 | . . . . . . . . . . . . . . . . . . . 1 . Packrat 1 | . . . . . . . . . . . . . . 1 . . . . . . Thief 1 | . . . . . . . . . . . . . . . 1 . . . . . Assembled 2 | . . . . 2 . . . . . . . . . . . . . . . . Best Kill Streak 8 | . 2 . . 4 4 4 2 8 . 1 1 3 5 . 1 . 4 . 7 4 Combat Bots Only 8 | . 2 . . 4 3 4 1 8 . 1 1 3 5 . 1 . 4 . 6 2 Max Kills in Single Turn 4 | . 1 . . 3 3 2 1 2 . 1 1 1 3 1 1 . 3 . 4 2 Gunslinging . | . . . . . . . . . . . . . . . . . . . . . Exploded 4 | . . . . 3 . 2 . 2 . . . 1 3 . . . 3 . 4 . Melee 1 | . . . . . . 1 1 1 . 1 . 1 1 . 1 . 1 . . 1 Uniques/NPCs Destroyed . | . . . . . . . . . . . . . . . . . . . . . Combat | -11 -10 -10 -10 -9 -8 -8 -8 -8 -7 -7 -6 -6 -6 -6 -6 -6 -5 -5 -5 -5 -------- Run | Scr Mat Min Exi Min Mat Gar Mat Gar Fac Gar Fac Gar Fac Low Low Zio Pro Fac Gar Fac Damage Taken 11921 | . 153 39 . 281 366 1849 140 243 . 1140 237 1066 499 202 132 . 437 104 2438 2595 Core 1886 | . 11 13 . 47 77 161 13 28 . 164 44 210 54 23 . . 25 . 442 574 Absorbed by Shields 118 | . . . . . . . . . . 96 . . . . 22 . . . . . Redirected to Shielding 102 | . . . . . 28 74 . . . . . . . . . . . . . . Core Remaining (%) 70 | 100 . . . 71 . . . 49 . 76 . . . . . . 58 . . . Volleys Fired 309 | . 14 . . 21 9 60 9 15 . 26 14 27 23 4 7 . 7 4 28 41 Largest 2 | . 2 . . 2 2 2 1 1 . 1 1 1 1 1 1 . 1 1 1 1 Hottest 120 | . 40 . . 43 43 46 23 33 . 65 23 65 33 5 5 . 43 5 120 120 Shots Fired 468 | . 28 . . 24 50 160 10 15 . 26 14 27 23 4 7 . 7 4 28 41 Gun 249 | . 28 . . 6 50 149 3 1 . 5 7 . . . . . . . . . Cannon 34 | . . . . . . . . . . 6 . 16 . . . . . . 6 6 Launcher 74 | . . . . 18 . 11 . 7 . . . 8 14 . . . 6 . 9 1 Special 111 | . . . . . . . 7 7 . 15 7 3 9 4 7 . 1 4 13 34 Kinetic 271 | . 28 . . 6 50 149 3 1 . 11 7 16 . . . . . . . . Thermal 12 | . . . . . . . . . . . . . . . . . . . 6 6 Explosive 74 | . . . . 18 . 11 . 7 . . . 8 14 . . . 6 . 9 1 Electromagnetic . | . . . . . . . . . . . . . . . . . . . . . Robot Hit Streak 29 | . 5 . . 2 14 29 19 5 . 6 4 4 4 4 5 . 7 6 9 11 Robot Miss Streak 4 | . 4 . . 4 1 2 1 2 . 1 2 3 3 1 1 . 1 . 2 3 Penetration Max . | . . . . . . . . . . . . . . . . . . . . . Secondary Targets 2 | . . . . . . 2 . . . . . . . . . . . . . . Max Gunslinging Chain 1 | . . . . . . 1 . . . . . . . . . . . . . . Autonomous 105 | . . . . . 36 69 . . . . . . . . . . . . . . Shots Hit Robots 424 | . 14 . . 5 43 116 21 22 . 35 9 8 32 5 8 . 17 5 26 58 Core Hits 216 | . 8 2 . 13 15 61 2 24 . 4 2 10 23 . 1 . 13 . 15 23 Critical Kills 1 | . . . . . 1 . . . . . . . . . . . . . . . Critical Parts Destroyed 7 | . . . . . 2 5 . . . . . . . . . . . . . . Critical Strikes 24 | . . . . . 3 5 1 1 . 6 . 2 1 1 . . 4 . . . Destroy 8 | . . . . . 3 5 . . . . . . . . . . . . . . Blast 2 | . . . . . . . . . . . . 2 . . . . . . . . Sever 14 | . . . . . . . 1 1 . 6 . . 1 1 . . 4 . . . Melee Attacks 242 | . . . . . . 11 18 24 . 44 3 22 34 2 3 . 14 6 22 39 Impact . | . . . . . . . . . . . . . . . . . . . . . Slashing 222 | . . . . . . 11 11 24 . 44 3 22 34 2 3 . 14 6 9 39 Piercing 13 | . . . . . . . . . . . . . . . . . . . 13 . Sneak Attacks 46 | . . . . . . . 6 1 . 5 . . 15 1 . . 6 1 . 11 Combat Hostiles 20 | . . . . . . . 2 . . 2 . . 7 . . . 6 1 . 2 Follow-up Attacks . | . . . . . . . . . . . . . . . . . . . . . Damage Inflicted 17166 | . 186 4 . 953 1285 3088 429 1805 . 879 42 699 1839 123 76 . 1599 92 1642 2425 Guns 3989 | . 149 . . 28 1063 2601 32 . . 74 42 . . . . . . . . . Cannons 869 | . . . . . . . . . . 159 . 254 . . . . . . 171 285 Explosions 6215 | . . . . 860 157 409 . 936 . . . 443 690 . . . 854 . 1239 627 Melee 5912 | . . . . . . 70 397 869 . 646 . . 1149 123 76 . 745 92 232 1513 Ramming 181 | . 37 4 . 65 65 8 . . . . . 2 . . . . . . . . Kinetic 4402 | . 149 . . 28 1063 2601 32 . . 233 42 254 . . . . . . . . Thermal 456 | . . . . . . . . . . . . . . . . . . . 171 285 Explosive 6215 | . . . . 860 157 409 . 936 . . . 443 690 . . . 854 . 1239 627 Electromagnetic . | . . . . . . . . . . . . . . . . . . . . . Impact . | . . . . . . . . . . . . . . . . . . . . . Slashing 5680 | . . . . . . 70 397 869 . 646 . . 1149 123 76 . 745 92 . 1513 Piercing 232 | . . . . . . . . . . . . . . . . . . . 232 . Highest Corruption 7 | . . . . . . 6 6 6 . 3 . 1 2 2 2 2 2 2 2 7 Average Corruption 3 | . . . . . . 5 6 6 . 3 . 1 1 2 2 2 2 2 2 3 Corruption Purged . | . . . . . . . . . . . . . . . . . . . . . Corruption Blocked . | . . . . . . . . . . . . . . . . . . . . . Effects 184 | . . . . . . 62 15 9 . 21 . 4 10 9 9 1 8 2 9 25 Message Errors 39 | . . . . . . 19 3 2 . 1 . 1 3 2 1 . 1 . . 6 Matter Fused 47 | . . . . . . 13 4 2 . 6 . . 1 5 3 1 4 1 1 6 Heat Flow Errors 23 | . . . . . . 7 3 . . 3 . 1 2 . 2 . . . 3 2 Energy Discharges 29 | . . . . . . 8 3 4 . 3 . 1 2 2 1 . 1 . 2 2 Data Loss (minor) 26 | . . . . . . 8 . . . 6 . 1 1 . 1 . 1 . 2 6 Data Loss (major) 11 | . . . . . . 4 . 1 . 1 . . 1 . 1 . . 1 . 2 Misfires 4 | . . . . . . 3 1 . . . . . . . . . . . . . Alerts 5 | . . . . . . . 1 . . 1 . . . . . . 1 . 1 1 Overload Shots . | . . . . . . . . . . . . . . . . . . . . . Overflow Damage 947 | . . . . 78 75 12 29 70 . . . 6 169 74 . . 155 32 18 229 Projectiles 54 | . . . . . . . . . . . . 6 . . . . . . . 48 Explosions 233 | . . . . 78 35 12 . 10 . . . . 27 . . . 53 . 18 . Melee 660 | . . . . . 40 . 29 60 . . . . 142 74 . . 102 32 . 181 Knockbacks 3 | . . . . . . . . . . . . 3 . . . . . . . . Impact . | . . . . . . . . . . . . . . . . . . . . . Kinetic 3 | . . . . . . . . . . . . 3 . . . . . . . . Secondary . | . . . . . . . . . . . . . . . . . . . . . Self-Inflicted Damage 552 | . . . . 133 32 58 . 49 . . . 169 34 . . . 43 . 34 . Shots 21 | . . . . 5 . 3 . 1 . . . 8 1 . . . 1 . 2 . Rammed 14 | . 6 3 . 3 1 1 . . . . . . . . . . . . . . Targets Rammed 16 | . 7 3 . 3 1 1 . . . . . 1 . . . . . . . . Kicked . | . . . . . . . . . . . . . . . . . . . . . Crushed 2 | . 1 . . . . . . . . . . 1 . . . . . . . . Highest Temperature 438 | . 36 . . 4 8 243 187 . . 226 . 192 162 1 232 . 21 . 203 438 Average Temperature 84 | . 12 . . 2 4 83 93 . . 71 . 89 76 1 112 . 11 . 71 178 Received Heat Transfer 2235 | . 105 . . 20 126 522 54 54 . 192 6 93 45 54 13 . 102 9 588 252 Effects 1 | . . . . . . . . . . . . . . . . . . . . 1 Shutdowns 1 | . . . . . . . . . . . . . . . . . . . . 1 Siege Activations . | . . . . . . . . . . . . . . . . . . . . . Robots Corrupted . | . . . . . . . . . . . . . . . . . . . . . Combat Hostiles . | . . . . . . . . . . . . . . . . . . . . . Parts Fried . | . . . . . . . . . . . . . . . . . . . . . Impact Corruptions 1 | . . . . . 1 . . . . . . . . . . . . . . . Robots Melted . | . . . . . . . . . . . . . . . . . . . . . Combat Hostiles . | . . . . . . . . . . . . . . . . . . . . . Parts Melted 1 | . . . . . . . . . . . . . . . . . . . . 1 Heat Transferred 370 | . . . . . . . . . . . . . . . . . . . 148 222 Parts Sabotaged . | . . . . . . . . . . . . . . . . . . . . . Parts Stolen . | . . . . . . . . . . . . . . . . . . . . . Parts Stripped . | . . . . . . . . . . . . . . . . . . . . . Power Chain Reactions . | . . . . . . . . . . . . . . . . . . . . . Missiles Intercepted . | . . . . . . . . . . . . . . . . . . . . . Alert | -11 -10 -10 -10 -9 -8 -8 -8 -8 -7 -7 -6 -6 -6 -6 -6 -6 -5 -5 -5 -5 ------- Run | Scr Mat Min Exi Min Mat Gar Mat Gar Fac Gar Fac Gar Fac Low Low Zio Pro Fac Gar Fac Peak Influence 2343 | . 113 7 . 384 346 2343 1225 1290 676 1001 559 526 420 . . . . 58 302 164 Initial 1142 | . . 7 . . 105 169 1142 666 676 473 525 225 275 . . . . 21 26 158 Average 557 | . 31 7 . 62 190 1232 1168 963 676 632 501 397 299 . . . . 34 113 69 Maximum Alert Level 5 | . . . . 1 1 5 4 4 2 3 2 2 2 . . . . . 1 . Low Security (%) 34 | 100 100 100 . 86 66 2 . . . . . . 11 . . . . 100 74 100 Level 1 17 | . . . . 13 33 8 . . . . 13 56 74 . . . . . 25 . Level 2 20 | . . . . . . 13 . 15 100 76 86 43 14 . . . . . . . Level 3 9 | . . . . . . 21 . 48 . 23 . . . . . . . . . . Level 4 9 | . . . . . . 18 99 35 . . . . . . . . . . . . Level 5 8 | . . . . . . 34 . . . . . . . . . . . . . . High Security . | . . . . . . . . . . . . . . . . . . . . . Max Security . | . . . . . . . . . . . . . . . . . . . . . Squads Dispatched 20 | . 1 . . . 1 . . . . . 1 . 7 . 1 . . . . 9 Investigation 8 | . . . . . 1 . . . . . . . 3 . . . . . . 4 Extermination 4 | . . . . . . . . . . . . . 3 . . . . . . 1 Reinforcement 5 | . 1 . . . . . . . . . . . 1 . . . . . . 3 Assault 2 | . . . . . . . . . . . 1 . . . 1 . . . . . Garrison 1 | . . . . . . . . . . . . . . . . . . . . 1 Intercept . | . . . . . . . . . . . . . . . . . . . . . Searches Triggered . | . . . . . . . . . . . . . . . . . . . . . Construction Impeded 1 | . . . . . . . . . . . . . . . . . . . . 1 Haulers Reinforced . | . . . . . . . . . . . . . . . . . . . . . Active Scanning Responses . | . . . . . . . . . . . . . . . . . . . . . Cargo Convoy Interrupts 1 | . . . . . . . . . . . . . . . . . . . . 1 Alert ID Control Effect 52 | . . . . . . . . . . 14 1 . 3 2 8 . 7 1 3 13 Stealth | -11 -10 -10 -10 -9 -8 -8 -8 -8 -7 -7 -6 -6 -6 -6 -6 -6 -5 -5 -5 -5 --------- Run | Scr Mat Min Exi Min Mat Gar Mat Gar Fac Gar Fac Gar Fac Low Low Zio Pro Fac Gar Fac Distress Signals 7 | . . . . 1 . . . . . 1 . . 1 . . . . . 2 2 Communications Jammed . | . . . . . . . . . . . . . . . . . . . . . Distress Signals . | . . . . . . . . . . . . . . . . . . . . . Times Spotted 245 | . 9 . . 11 13 33 11 17 . 28 4 7 13 4 15 . 15 4 20 41 Peak Tracking Total 12 | . 3 . . 4 4 3 3 4 . 3 2 2 4 3 7 . 5 3 5 12 Tactical Retreats 8 | . . . . 3 . . . . . . . 1 . . 2 . 2 . . . Traps | -11 -10 -10 -10 -9 -8 -8 -8 -8 -7 -7 -6 -6 -6 -6 -6 -6 -5 -5 -5 -5 ------- Run | Scr Mat Min Exi Min Mat Gar Mat Gar Fac Gar Fac Gar Fac Low Low Zio Pro Fac Gar Fac Traps Triggered 16 | . . . . . 1 8 . . . 2 . 1 1 . . . . 2 1 . Indirectly . | . . . . . . . . . . . . . . . . . . . . . Trap Hack Attempts . | . . . . . . . . . . . . . . . . . . . . . Triggered . | . . . . . . . . . . . . . . . . . . . . . Disarmed . | . . . . . . . . . . . . . . . . . . . . . Reprogrammed . | . . . . . . . . . . . . . . . . . . . . . Reused . | . . . . . . . . . . . . . . . . . . . . . Traps Extracted . | . . . . . . . . . . . . . . . . . . . . . Installed . | . . . . . . . . . . . . . . . . . . . . . Triggered . | . . . . . . . . . . . . . . . . . . . . . Machines | -11 -10 -10 -10 -9 -8 -8 -8 -8 -7 -7 -6 -6 -6 -6 -6 -6 -5 -5 -5 -5 ---------- Run | Scr Mat Min Exi Min Mat Gar Mat Gar Fac Gar Fac Gar Fac Low Low Zio Pro Fac Gar Fac Machines Disabled 28 | . . . . 1 2 8 . 2 . 4 . 3 2 . 1 . 1 . 3 1 Max in Single Turn 2 | . . . . 1 2 1 . 1 . 1 . 1 1 . . . 1 . 1 . Garrison Access 1 | . . . . . . . . . . . . . . . . . . . . 1 Garrison Relay 12 | . . . . . . 2 . 2 . 3 . 3 . . . . . . 2 . Phase Generator 1 | . . . . . . 1 . . . . . . . . . . . . . . Machines Sabotaged . | . . . . . . . . . . . . . . . . . . . . . Garrisons Compromised . | . . . . . . . . . . . . . . . . . . . . . Overloaded Fab Kills . | . . . . . . . . . . . . . . . . . . . . . Hacking | -11 -10 -10 -10 -9 -8 -8 -8 -8 -7 -7 -6 -6 -6 -6 -6 -6 -5 -5 -5 -5 --------- Run | Scr Mat Min Exi Min Mat Gar Mat Gar Fac Gar Fac Gar Fac Low Low Zio Pro Fac Gar Fac Machines Accessed 39 | . 1 1 1 . 2 2 1 1 1 3 3 1 6 . 2 . 1 2 1 10 Terminals 22 | . 1 . . . 1 2 . 1 . 3 1 1 3 . . . . 1 1 7 Fabricators 3 | . . . . . . . . . . . . . 2 . . . . . . 1 Repair Stations . | . . . . . . . . . . . . . . . . . . . . . Recycling Units . | . . . . . . . . . . . . . . . . . . . . . Scanalyzers 1 | . . . . . . . . . . . 1 . . . . . . . . . Garrison Access 8 | . . . . . 1 . 1 . 1 . 1 . 1 . . . . 1 . 2 Total Hacks 85 | . 1 1 1 . 5 4 1 2 1 4 4 2 13 . 10 . 1 3 3 29 Successful 46 | . . 1 1 . 4 . 1 1 1 1 3 1 4 . 10 . 1 2 2 13 Failed 39 | . 1 . . . 1 4 . 1 . 3 1 1 9 . . . . 1 1 16 Catastrophic 11 | . . . . . . 2 . . . 1 . . 3 . . . . 1 1 3 Database Lockouts . | . . . . . . . . . . . . . . . . . . . . . Manual 37 | . 1 . 1 . 4 . . . . . . . 6 . . . . 2 2 21 Terminals 46 | . 1 . . . 2 4 . 2 . 4 1 2 7 . . . . 2 3 18 Fabricators 10 | . . . . . . . . . . . . . 5 . . . . . . 5 Repair Stations . | . . . . . . . . . . . . . . . . . . . . . Recycling Units . | . . . . . . . . . . . . . . . . . . . . . Scanalyzers 2 | . . . . . . . . . . . 2 . . . . . . . . . Garrison Access 14 | . . . . . 3 . 1 . 1 . 1 . 1 . . . . 1 . 6 Terminal Hacks 23 | . . 1 1 . 1 . . 1 . 1 1 1 1 . 10 . 1 . 2 2 Record 10 | . . . . . . . . . . . . . . . 9 . 1 . . . Open Door 2 | . . 1 . . . . . . . . . . . . 1 . . . . . Branch Access Points 1 | . . . . . . . . . . . . . 1 . . . . . . . Emergency Access Points 1 | . . . . . . . . . . 1 . . . . . . . . . . Terminal Index 1 | . . . . . 1 . . . . . . . . . . . . . . . Hauler Manifests 1 | . . . . . . . . . . . 1 . . . . . . . . . Zone Layout 2 | . . . . . . . . . . . . . . . . . . . . 2 Garrison Registry 3 | . . . . . . . . 1 . . . 1 . . . . . . 1 . Patrol Navigation 1 | . . . . . . . . . . . . . . . . . . . 1 . EX-Prototype ID Bank 1 | . . . 1 . . . . . . . . . . . . . . . . . Fabricator Hacks 2 | . . . . . . . . . . . . . 1 . . . . . . 1 Network Status 2 | . . . . . . . . . . . . . 1 . . . . . . 1 Repair Station Hacks . | . . . . . . . . . . . . . . . . . . . . . Recycling Unit Hacks . | . . . . . . . . . . . . . . . . . . . . . Scanalyzer 1 | . . . . . . . . . . . 1 . . . . . . . . . Insert Component 1 | . . . . . . . . . . . 1 . . . . . . . . . Garrison Access Hacks 6 | . . . . . 1 . 1 . 1 . 1 . . . . . . 1 . 1 Unlock Access 5 | . . . . . 1 . 1 . 1 . 1 . . . . . . 1 . . Seal Access 1 | . . . . . . . . . . . . . . . . . . . . 1 Unauthorized Hacks 14 | . . . . . 2 . . . . . . . 2 . . . . 1 . 9 Terminals 8 | . . . . . 1 . . . . . . . 1 . . . . 1 . 5 Track 2 | . . . . . . . . . . . . . . . . . . . . 2 Botnet 5 | . . . . . 1 . . . . . . . 1 . . . . 1 . 2 Operators 1 | . . . . . . . . . . . . . . . . . . . . 1 Fabricators 1 | . . . . . . . . . . . . . . . . . . . . 1 Fabnet 1 | . . . . . . . . . . . . . . . . . . . . 1 Repair Stations . | . . . . . . . . . . . . . . . . . . . . . Recycling Units . | . . . . . . . . . . . . . . . . . . . . . Scanalyzers . | . . . . . . . . . . . . . . . . . . . . . Garrison Access 5 | . . . . . 1 . . . . . . . 1 . . . . . . 3 Broadcast 1 | . . . . . . . . . . . . . . . . . . . . 1 Restock 1 | . . . . . 1 . . . . . . . . . . . . . . . Reprogram 2 | . . . . . . . . . . . . . 1 . . . . . . 1 Watchers 1 | . . . . . . . . . . . . . . . . . . . . 1 Data Cores Recovered 1 | . . . . . 1 . . . . . . . . . . . . . . . Used . | . . . . . . . . . . . . . . . . . . . . . Hacking Detections 24 | . 1 . . . 1 2 . 1 1 3 1 1 4 . . . . 1 . 8 Full Trace Events 5 | . . . . . . 1 . . . 1 . . 1 . . . . . . 2 Feedback Events . | . . . . . . . . . . . . . . . . . . . . . Feedback Blocked . | . . . . . . . . . . . . . . . . . . . . . Robot Schematics Acquired . | . . . . . . . . . . . . . . . . . . . . . Robots Built . | . . . . . . . . . . . . . . . . . . . . . Authchips . | . . . . . . . . . . . . . . . . . . . . . Time . | . . . . . . . . . . . . . . . . . . . . . Total Robot Build Rating . | . . . . . . . . . . . . . . . . . . . . . Part Schematics Acquired . | . . . . . . . . . . . . . . . . . . . . . Parts Built . | . . . . . . . . . . . . . . . . . . . . . Authchips . | . . . . . . . . . . . . . . . . . . . . . Time . | . . . . . . . . . . . . . . . . . . . . . Total Part Build Rating . | . . . . . . . . . . . . . . . . . . . . . Parts Repaired . | . . . . . . . . . . . . . . . . . . . . . Time . | . . . . . . . . . . . . . . . . . . . . . Parts Recycled . | . . . . . . . . . . . . . . . . . . . . . Recycled Matter . | . . . . . . . . . . . . . . . . . . . . . Retrieved Matter . | . . . . . . . . . . . . . . . . . . . . . Retrieved Components . | . . . . . . . . . . . . . . . . . . . . . Parts Scanalyzed 1 | . . . . . . . . . . . 1 . . . . . . . . . Part Schematics Acquired . | . . . . . . . . . . . . . . . . . . . . . Parts Damaged . | . . . . . . . . . . . . . . . . . . . . . Bothacking | -11 -10 -10 -10 -9 -8 -8 -8 -8 -7 -7 -6 -6 -6 -6 -6 -6 -5 -5 -5 -5 ------------ Run | Scr Mat Min Exi Min Mat Gar Mat Gar Fac Gar Fac Gar Fac Low Low Zio Pro Fac Gar Fac Used RIF Installer 6 | . . . . . . 1 . 1 . 1 . 1 . . . . . . 2 . Patrol Navigation 1 | . . . . . . . . . . . . 1 . . . . . . . . Alert ID Control 1 | . . . . . . . . 1 . . . . . . . . . . . . Program Shield 1 | . . . . . . . . . . 1 . . . . . . . . . . Autoassimilate 2 | . . . . . . . . . . . . . . . . . . . 2 . Robots Hacked 72 | . . . . . . . 10 4 . 9 3 1 5 3 6 . 1 4 6 20 Non-combat 14 | . . . . . . . 4 . . . 1 . 1 . 1 . . . . 7 Combat 58 | . . . . . . . 6 4 . 9 2 1 4 3 5 . 1 4 6 13 Autoassimilated 1 | . . . . . . . . . . . . . . . . . . . . 1 Robot Hacks Applied 74 | . . . . . . . 11 4 . 9 4 1 5 3 6 . 1 4 6 20 map_walls 1 | . . . . . . . 1 . . . . . . . . . . . . . drop_inventory 5 | . . . . . . . 1 . . . 1 . 1 . . . . . . 2 ignore_parts 1 | . . . . . . . 1 . . . . . . . . . . . . . block_reporting 1 | . . . . . . . . . . . . . . . . . . . . 1 find_garrison 2 | . . . . . . . 1 . . . 1 . . . . . . . . . reboot_system 7 | . . . . . . . . 1 . 2 . . 1 1 . . 1 1 . . go_dormant 2 | . . . . . . . . . . . 1 . 1 . . . . . . . overwrite_iff 12 | . . . . . . . 2 . . 3 . 1 1 . . . . . 1 4 formatsys_low 5 | . . . . . . . 1 . . . . . . . . . . . . 4 formatsys_high 38 | . . . . . . . 4 3 . 4 1 . 1 2 6 . . 3 5 9 Relay Couplers Released 53 | . . . . . 3 8 . 9 . 12 . 13 . . . . . . 8 . Machine Destruction 50 | . . . . . . 8 . 9 . 12 . 13 . . . . . . 8 . Programmers 3 | . . . . . 3 . . . . . . . . . . . . . . . Attached 39 | . . . . . . . 6 1 2 5 2 4 1 1 3 . . . 5 9 Fabnet Peak Effective % . | . . . . . . . . . . . . . . . . . . . . . Robots Rewired 2 | . . . . . . . . . . . . . . . 2 . . . . . Allies Hacked 1 | . . . . . . . . . . . . . . . . . . . . 1 Hacks Repelled . | . . . . . . . . . . . . . . . . . . . . . Allies | -11 -10 -10 -10 -9 -8 -8 -8 -8 -7 -7 -6 -6 -6 -6 -6 -6 -5 -5 -5 -5 -------- Run | Scr Mat Min Exi Min Mat Gar Mat Gar Fac Gar Fac Gar Fac Low Low Zio Pro Fac Gar Fac Total Allies 69 | . . . . . . . 7 3 . 9 1 1 5 2 11 . . 3 6 21 Largest Group 9 | . . . . . . . 4 5 4 6 2 1 3 5 7 4 4 3 3 9 Highest-Rated Group 341 | . . . . . . . 54 70 62 224 109 41 87 163 186 111 111 91 147 341 Highest-Rated Ally 114 | . . . . . . . 29 16 16 80 77 41 29 47 47 40 40 49 68 114 Total Orders 7 | . . . . . . . . 2 . 3 . . . . . . . . 2 . STAY 4 | . . . . . . . . 1 . 2 . . . . . . . . 1 . FOLLOW 3 | . . . . . . . . 1 . 1 . . . . . . . . 1 . Ally Attacks 460 | . . . . . . . 14 35 . 109 12 3 13 22 73 . 10 4 42 123 Total Damage 13800 | . . . . . . . 189 539 . 4348 278 165 179 386 1634 . 1277 95 1826 2884 Kills 73 | . . . . . . . . 4 . 24 1 . 3 2 10 . 9 1 4 15 Allies Corrupted 3 | . . . . . . . . . . . . . . . 2 . . . . 1 Allies Melted 1 | . . . . . . . . . . . . . . . . . . . 1 . Intel | -11 -10 -10 -10 -9 -8 -8 -8 -8 -7 -7 -6 -6 -6 -6 -6 -6 -5 -5 -5 -5 ------- Run | Scr Mat Min Exi Min Mat Gar Mat Gar Fac Gar Fac Gar Fac Low Low Zio Pro Fac Gar Fac Robot Analysis Total . | . . . . . . . . . . . . . . . . . . . . . Derelict Logs Recovered 6 | . . 1 . 1 . . . . . . . . . 2 1 . 1 . . . Drone Launches . | . . . . . . . . . . . . . . . . . . . . . Drone Recoveries . | . . . . . . . . . . . . . . . . . . . . . Exploration | -11 -10 -10 -10 -9 -8 -8 -8 -8 -7 -7 -6 -6 -6 -6 -6 -6 -5 -5 -5 -5 ------------- Run | Scr Mat Min Exi Min Mat Gar Mat Gar Fac Gar Fac Gar Fac Low Low Zio Pro Fac Gar Fac Turns Passed 16366 | 6 639 206 611 1201 460 3426 401 544 50 1441 462 1035 1150 608 714 177 714 203 1023 1295 Spaces Moved 7645 | 1 355 124 318 323 180 1375 153 323 32 753 254 386 685 367 427 111 340 108 371 659 Core 24 | . . . . . . . . . . 3 . . . . . . . . 1 20 Treads 4658 | 1 355 124 268 . . 747 153 120 . 575 254 386 146 358 427 111 340 108 185 . Legs 541 | . . . . . . . . . . . . . . . . . . . 185 356 Wheels 2422 | . . . 50 323 180 628 . 203 32 175 . . 539 9 . . . . . 283 Hover . | . . . . . . . . . . . . . . . . . . . . . Flight . | . . . . . . . . . . . . . . . . . . . . . Fastest Speed 50 | 160 160 160 160 210 176 105 163 101 105 101 166 160 115 130 160 160 160 160 160 50 Average Speed 175 | 160 160 160 185 210 176 212 209 126 105 159 166 180 142 159 160 160 163 166 222 158 Slowest Speed 1500 | 160 160 160 560 210 176 245 243 245 105 750 166 240 320 160 240 160 240 240 1500 330 Overloaded Moves . | . . . . . . . . . . . . . . . . . . . . . Propulsion Burnouts . | . . . . . . . . . . . . . . . . . . . . . Robots Hopped . | . . . . . . . . . . . . . . . . . . . . . Cave-ins Triggered . | . . . . . . . . . . . . . . . . . . . . . Exploration Rate (%) 39 | 1 52 32 70 73 23 96 26 55 1 74 9 52 21 48 61 12 54 6 44 25 Regions Visited 20 Branch Regions 7 Pre-discovered Areas 3 | . . 2 . . . . . . . . . . . 1 . . . . . . Known Exits Taken 6 | . . . . . 1 . 1 . 1 . 1 . 1 . . . . 1 . . Unknown Exits Taken 9 | 1 1 1 1 1 . . . . . . . . . 1 1 1 1 . . . Scrap Searched 12 | . . 1 . 1 . . . . . . . . . 3 3 . 4 . . . Spaces Dug 264 | . . . . 88 . 44 5 15 . 4 3 16 23 . . . 1 5 48 12 Terrain Destroyed 604 | . . . . 170 35 141 5 27 . 5 3 19 61 . . . 61 5 50 22 Melee 47 | . . . . . . 1 5 . . 4 3 3 10 . . . 1 5 3 12 Projectile 37 | . . . . . 22 8 . . . 1 . 6 . . . . . . . . AOE 520 | . . . . 170 13 132 . 27 . . . 10 51 . . . 60 . 47 10 Terrain Rammed . | . . . . . . . . . . . . . . . . . . . . . Walls Destroyed . | . . . . . . . . . . . . . . . . . . . . . Machines Disabled . | . . . . . . . . . . . . . . . . . . . . . Actions | -11 -10 -10 -10 -9 -8 -8 -8 -8 -7 -7 -6 -6 -6 -6 -6 -6 -5 -5 -5 -5 --------- Run | Scr Mat Min Exi Min Mat Gar Mat Gar Fac Gar Fac Gar Fac Low Low Zio Pro Fac Gar Fac Total 9932 | 8 397 130 342 818 312 1781 207 402 47 895 278 669 790 386 447 111 469 119 497 827 Wait 1202 | . 11 . . 461 108 191 12 13 12 22 . 198 18 . 3 . 97 . 18 38 Move 7629 | . 354 123 317 322 179 1374 153 322 32 752 254 385 684 366 426 110 339 108 370 659 Hop . | . . . . . . . . . . . . . . . . . . . . . Pick Up 153 | . 8 4 17 6 4 41 2 9 . 11 2 12 9 3 . 1 5 . 13 6 Fast Attach 71 | . 1 . 2 . 1 15 . 3 . 12 . 3 5 2 1 . 1 1 17 7 Attach 85 | 3 . . 2 1 6 11 5 2 2 3 3 4 3 3 1 . 3 . 13 20 Detach 13 | . . . . . 2 4 . . . 1 . 1 . . . . . . 2 3 Swap 76 | . . . . 3 1 10 5 7 1 12 2 7 7 2 4 . 2 . 7 6 Drop 84 | 5 2 . 4 1 1 21 2 7 . 11 . 7 7 4 . . 1 . 6 5 Fire 309 | . 14 . . 21 9 60 9 15 . 26 14 27 23 4 7 . 7 4 28 41 Melee 242 | . . . . . . 11 18 24 . 44 3 22 34 2 3 . 14 6 22 39 Ram 5 | . . . . 3 1 1 . . . . . . . . . . . . . . Kick . | . . . . . . . . . . . . . . . . . . . . . Crush 11 | . 7 3 . . . . . . . . . 1 . . . . . . . . Escape Stasis 44 | . . . . . . 42 . . . . . 2 . . . . . . . . Rewire 8 | . . . . . . . 1 . . 1 . . . . 2 . . . 1 3 Trap . | . . . . . . . . . . . . . . . . . . . . . Miscellaneous . | . . . . . . . . . . . . . . . . . . . . . Route ------- -11/Scrapyard -10/Materials (discovered 4 exits: [*Mat x3] / *Min) -10/Mines (discovered 2 exits: [*Mat] / *Exi) -10/Exiles -9/Mines -8/Materials (discovered 2 exits: Sto / Gar) -8/Garrison (discovered 4 exits: *Mat x4) -8/Materials -8/Garrison (discovered 3 exits: *Fac x3) -7/Factory -7/Garrison (discovered 2 exits: *Fac x2) -6/Factory (discovered 2 exits: *Fac / Gar) -6/Garrison (discovered 3 exits: *Fac x3) -6/Factory (discovered 2 exits: *Low x2) -6/Lower Caves -6/Lower Caves -6/Zion -5/Proximity Caves -5/Factory (discovered 3 exits: Fac / [*Upp] / Gar) -5/Garrison (discovered 3 exits: *Fac x3) -5/Factory (discovered 1 exit: *Fac) History --------- Turn | Location | Event 7 | -11/Scrapyard | Discovered new exit (range 0) 7 | -11/Scrapyard | Entered Materials 101 | -10/Materials | Discovered new exit (range 16) 289 | -10/Materials | Discovered new exit (range 15) 312 | -10/Materials | Build established: Mutant 554 | -10/Materials | Discovered new exit (range 15) 599 | -10/Materials | Discovered new exit (range 16) 646 | -10/Materials | Entered Mines 670 | -10/Mines | Learned location of Storage (-8) 675 | -10/Mines | Discovered new exit (range 11) 739 | -10/Mines | Met a Derelict who couldn't figure out how to use a Trap Extractor 846 | -10/Mines | Deemed a non-threat by the Exiles lab entrance 846 | -10/Mines | Discovered new exit (range 5) 852 | -10/Mines | Entered Exiles 896 | -10/Exiles | Met 8R-AWN 920 | -10/Exiles | Met EX-HEX 971 | -10/Exiles | Met EX-BIN 993 | -10/Exiles | Aligned with FarCom system 995 | -10/Exiles | Given EX-Vault access code 1033 | -10/Exiles | Opened EX-Vault 1043 | -10/Exiles | Found AWS/Gauss 1079 | -10/Exiles | Warned to stay clear of 0b10 Research branches 1132 | -10/Exiles | Met EX-DEC 1438 | -10/Exiles | Discovered new exit (range 14) 1463 | -10/Exiles | Left Exiles lab with AWS/Gauss 1463 | -10/Exiles | Entered Mines 1486 | -9/Mines | Assembled infested the area 1633 | -9/Mines | Build established: Hauler-Mutant 1732 | -9/Mines | Found a damaged Exp. Sensor Array with a note attached 2258 | -9/Mines | Received a Rocket Launcher from a helpful Derelict 2622 | -9/Mines | Discovered new exit (range 12) 2664 | -9/Mines | Entered Materials 2664 | -8/Materials | Evolved 4 slots: Propulsion x1, Utility x3 2665 | -8/Materials | Identified exit to Storage 3002 | -8/Materials | Identified exit to Garrison 3124 | -8/Materials | Entered Garrison 3170 | -8/Garrison | Triggered checkpoint 3193 | -8/Garrison | Heavy support dispatched to Materials 3222 | -8/Garrison | Garrison Relay disabled 3296 | -8/Garrison | Heavy support dispatched to Materials 3428 | -8/Garrison | Triggered checkpoint 3436 | -8/Garrison | Triggered checkpoint 3566 | -8/Garrison | Triggered checkpoint 3608 | -8/Garrison | Garrison Relay disabled 3713 | -8/Garrison | Discovered new exit (range 15) 3926 | -8/Garrison | Triggered checkpoint 4075 | -8/Garrison | Discovered new exit (range 12) 4153 | -8/Garrison | Triggered checkpoint 4378 | -8/Garrison | Discovered new exit (range 11) 4400 | -8/Garrison | Triggered checkpoint 4519 | -8/Garrison | Lost 4 parts (2n1u1w) 4596 | -8/Garrison | Triggered checkpoint 4663 | -8/Garrison | Lost 6 parts (1p2n1u2w) 4710 | -8/Garrison | Discovered new exit (range 6) 4921 | -8/Garrison | Build established: Mutant 4922 | -8/Garrison | Triggered checkpoint 5208 | -8/Garrison | Phase Generator disabled 6193 | -8/Garrison | Installed Relay Interface Framework 6550 | -8/Garrison | Entered Materials 6764 | -8/Materials | Build established: Bothacker-Mutant 6951 | -8/Materials | Identified exit to Garrison 6951 | -8/Materials | Entered Garrison 6951 | -8/Garrison | Accompanied by 4 allies 6977 | -8/Garrison | Discovered new exit (range 93) 6977 | -8/Garrison | Discovered new exit (range 58) 6977 | -8/Garrison | Discovered new exit (range 62) 7006 | -8/Garrison | Triggered checkpoint 7048 | -8/Garrison | Garrison Relay disabled 7172 | -8/Garrison | Triggered checkpoint 7280 | -8/Garrison | Triggered checkpoint 7324 | -8/Garrison | Destroyed 8 combat bots 7349 | -8/Garrison | Core integrity fell below 50% 7375 | -8/Garrison | Expanded RIF knowledge: Alert ID Control 7433 | -8/Garrison | Garrison Relay disabled 7495 | -8/Garrison | Entered Factory 7495 | -7/Factory | Accompanied by 4 allies 7495 | -7/Factory | Evolved 2 slots: Utility x2 7545 | -7/Factory | Identified exit to Garrison 7545 | -7/Factory | Entered Garrison 7545 | -7/Garrison | Accompanied by 4 allies 7620 | -7/Garrison | Triggered checkpoint 7648 | -7/Garrison | Garrison Relay disabled 7771 | -7/Garrison | Spotted B-75 Beast 7819 | -7/Garrison | Allies destroyed B-75 Beast 7850 | -7/Garrison | Lost 6 parts (1p3n1u1w) 7976 | -7/Garrison | Triggered checkpoint 8012 | -7/Garrison | Triggered checkpoint 8064 | -7/Garrison | Discovered new exit (range 10) 8085 | -7/Garrison | Found embedded Infiltrators 8130 | -7/Garrison | Garrison Relay disabled 8336 | -7/Garrison | Triggered checkpoint 8495 | -7/Garrison | Spotted B-75 Beast 8517 | -7/Garrison | Allies destroyed B-75 Beast 8650 | -7/Garrison | Triggered checkpoint 8744 | -7/Garrison | Expanded RIF knowledge: Program Shield 8760 | -7/Garrison | Discovered new exit (range 10) 8816 | -7/Garrison | Spotted B-75 Beast 8842 | -7/Garrison | Allies destroyed B-75 Beast 8939 | -7/Garrison | Garrison Relay disabled 8986 | -7/Garrison | Entered Factory 8986 | -6/Factory | Accompanied by 2 allies 8986 | -6/Factory | Evolved 2 slots: Propulsion x1, Utility x1 9184 | -6/Factory | Discovered new exit (range 10) 9336 | -6/Factory | First assault squad dispatched 9448 | -6/Factory | Identified exit to Garrison 9448 | -6/Factory | Entered Garrison 9484 | -6/Garrison | Triggered checkpoint 9559 | -6/Garrison | Garrison Relay disabled 9934 | -6/Garrison | Triggered checkpoint 9937 | -6/Garrison | Spotted B-75 Beast 9938 | -6/Garrison | Triggered checkpoint 10002 | -6/Garrison | Triggered checkpoint 10037 | -6/Garrison | Garrison Relay disabled 10120 | -6/Garrison | Discovered new exit (range 8) 10130 | -6/Garrison | Discovered new exit (range 8) 10130 | -6/Garrison | Discovered new exit (range 90) 10130 | -6/Garrison | Discovered new exit (range 59) 10270 | -6/Garrison | Garrison Relay disabled 10428 | -6/Garrison | Expanded RIF knowledge: Patrol Navigation 10483 | -6/Garrison | Entered Factory 10741 | -6/Factory | Build established: Botlord-Mutant 11169 | -6/Factory | Discovered new exit (range 15) 11524 | -6/Factory | Identified exit to Lower Caves 11633 | -6/Factory | Entered Lower Caves 11633 | -6/Lower Caves | Accompanied by 3 allies 11633 | -6/Lower Caves | Spotted B-75 Beast 11642 | -6/Lower Caves | Allies destroyed B-75 Beast 11761 | -6/Lower Caves | Encountered a Warlord checkpoint 11807 | -6/Lower Caves | Learned Factory terminal intel 11856 | -6/Lower Caves | Learned location of Zion (-6) 12226 | -6/Lower Caves | Discovered new exit (range 6) 12241 | -6/Lower Caves | Entered another Lower Caves area 12241 | -6/Lower Caves | Accompanied by 5 allies 12275 | -6/Lower Caves | Learned Factory interactive machine intel 12401 | -6/Lower Caves | Attracted the attention of an 0b10 outpost 12818 | -6/Lower Caves | A Commander dispatched an escort 12819 | -6/Lower Caves | Learned location of 1 exit from Factory 12819 | -6/Lower Caves | Learned Extension trap positions 12819 | -6/Lower Caves | Learned Armory security intel 12819 | -6/Lower Caves | Learned Armory garrison access intel 12819 | -6/Lower Caves | Learned Armory terminal intel 12936 | -6/Lower Caves | Discovered new exit (range 11) 12955 | -6/Lower Caves | Entered Zion 12955 | -6/Zion | Accompanied by 7 allies 12956 | -6/Zion | Commander's escort returned to base 12956 | -6/Zion | Commander's escort returned to base 12956 | -6/Zion | Commander's escort returned to base 13047 | -6/Zion | Discovered new exit (range 10) 13061 | -6/Zion | Found CR-A16's Pointy Stick 13132 | -6/Zion | Entered Proximity Caves 13132 | -5/Proximity Caves | Accompanied by 4 allies 13179 | -5/Proximity Caves | Learned Factory terminal intel 13260 | -5/Proximity Caves | Attracted the attention of an 0b10 checkpoint 13647 | -5/Proximity Caves | Found Alien Artifact 13647 | -5/Proximity Caves | Identified Dimensional Node Initializer 13647 | -5/Proximity Caves | Initialized slip node 13822 | -5/Proximity Caves | Discovered new exit (range 16) 13846 | -5/Proximity Caves | Entered Factory 13846 | -5/Factory | Evolved 2 slots: Utility x2 13847 | -5/Factory | Identified exit to Factory 13848 | -5/Factory | Loaded intel: 52 interactive machine locations 13849 | -5/Factory | Loaded intel: 26 terminal locations 14003 | -5/Factory | Discovered new exit (range 8) 14049 | -5/Factory | Identified exit to Garrison 14049 | -5/Factory | Entered Garrison 14049 | -5/Garrison | Accompanied by 3 allies 14064 | -5/Garrison | Discovered new exit (range 38) 14064 | -5/Garrison | Discovered new exit (range 73) 14064 | -5/Garrison | Discovered new exit (range 60) 14112 | -5/Garrison | Triggered checkpoint 14166 | -5/Garrison | Garrison Relay disabled 14230 | -5/Garrison | Spotted B-75 Beast 14273 | -5/Garrison | Allies destroyed B-75 Beast 14290 | -5/Garrison | Lost 3 parts (2u1w) 14492 | -5/Garrison | Spotted B-75 Beast 14498 | -5/Garrison | Triggered checkpoint 14500 | -5/Garrison | Triggered checkpoint 14545 | -5/Garrison | Revealed the true nature of CR-A16's Pointy Stick 14548 | -5/Garrison | Destroyed B-75 Beast 14596 | -5/Garrison | Lost 15 parts (2p6n4u3w) 14668 | -5/Garrison | Triggered checkpoint 14867 | -5/Garrison | Expanded RIF knowledge: Autoassimilate 14948 | -5/Garrison | Expanded RIF knowledge: Autoassimilate 14990 | -5/Garrison | Triggered checkpoint 15005 | -5/Garrison | Garrison Relay disabled 15072 | -5/Garrison | Entered Factory 15072 | -5/Factory | Accompanied by 3 allies 15073 | -5/Factory | Loaded intel: 26 terminal locations 15410 | -5/Factory | Core integrity fell below 50% 15486 | -5/Factory | Lost 3 parts (3n) 16176 | -5/Factory | Discovered exit to Factory (range 9) 16290 | -5/Factory | Cargo convoy interrupted 16329 | -5/Factory | Garrison activated, responded to threat 16332 | -5/Factory | Core integrity fell below 20% 16367 | -5/Factory | Destroyed by H-66 Slayer with Gauss Rifle Last Messages --------------- 16335_ K-01 Serf collects debris. 16335_ Acquired 25 matter. 16335_ Penetrated by Slug. 16336_ Wheel destroyed. 16338_ H-66 Slayer heat damages Targeting Computer. 16338_ Slug penetrates Matter Pump. 16339_ Carbon-fiber Leg destroyed. 16339_ Slug penetrates Matter Pump. 16339_ Slug penetrates Recycling Unit. 16339_ Penetrated by Slug. 16339_ Wheel destroyed. 16340_ H-66 Slayer heat damages Lgt. Fission Core. 16340_ Acquired 3 matter. 16350_ System corrupted: Matter fused (-9). 16355_ Destroyed Hpw. Shock Rifle. 16361_ Destroyed Tesla Rifle. 16364_ Slug penetrates H-66 Slayer. 16365_ Penetrated by Slug. 16365_ Imp. Hacking Suite destroyed. 16365_ Penetrated by Slug. Map ----- +----------------------------------------------------+ | # "" # #????# #???????? | | # # """ """ #????# !! #???????? | | # """^# """ """ #????# """" !! #???????? | | # ! """ + """ """ #????# """" ! #???????? | | # """ # "" #????# """" #???????? | | #! !* # "" #????# """" #???????? | | /## !#]###[ #????# """" #???????? | | ?? *!*%%%%*%""" """ #????# """" #???????? | | ??|*]!%!]!%!""" """ #????# """" #???????? | | ? %!!*!!!*%!""" """ #????# #???????? | | ?? [!!/=[%%!%%"[!"" #????# #???????? | | ??????=**=!%%[[!/"" #????##############???????? | | ?????????#==%[%%|!/! #??????# #????????? | | ?????????#=!%=*!/*|* ######## """ ! #????????? | | ??????????#"""/%= !== =%/ # "T" #????????? | | ??????????#"Y !%=!== # " " === ##???????? | | ??????????#"""!/%!== # == #???????? | | ??????????# * % + == ##???????? | | ??????????# !% # #????????? | | ??????????########^ ^ # ! #????????? | | ?????????????????# p ^ h ###########????????? | | ?????????????????# ^ "%% %""h #?????????? | | ?????????????????# ""% "" #?????????? | | ?????????????????# """ """ H #?????????? | | ?????????????????# hh #?????????? | | ?????????????????# @ % #?????????? | | ?????????????????##########;;######+#####????????? | | ?????????????????## # [ [ #????????? | | ??????????????????# # = """#????????? | | ??????????????????# # """#????????? | | ??????????????????# # """#????????? | | ??????????????????# # #????????? | | ??????????????????# # ] """#????????? | | ??????????????????# # """#????????? | | ??????????????????# # """#????????? | | ??????????????????#! # #????????? | | ?o????????????????# ##########????????? | | ??????????????????# #?????????????????? | | ??????????????????# [ #?????????????????? | | ?????????????????#"#############?????????????????? | | ?????????????????##??????????????????????????????? | | ?????????????????????????????????????????????????? | | ?????????????????????????????????????????????????? | | ?????????????????????????????????????????????????? | | ?????????????????????????????????????????????????? | | ?????????????????????????????????????????????????? | | ?????????????????????????????????????????????????? | | ?????????????????????????????????????????????????? | | ?????????????????????????????????????????????????? | | ?????????????????????????????????????????????????? | +----------------------------------------------------+ Best States ------------- Heat Dissipation 102 Coolant Potential 65 Energy Generation 25 Energy Capacity 350 Matter Stores 300 Matter Capacity 300 Sight Range 16 Terrain Scan Density 10 Armor Coverage 600 Utility Shielding 66 Evasion (%) 50 Targeting Accuracy 8 Recoil Reduction 4 Offensive Hacking 12 Defensive Hacking 24 Relay Coupler Types 7 Relay Coupler Value 127 Item Schematics ----------------- None Robot Schematics ------------------ None Fabricated ------------ Nothing Alien Tech Used ----------------- Dimensional Node Initializer Achievements -------------- None Challenges ------------ None Game ------ Seed HeartSystemMembrane Manual? 0 Play Time 02:01:21 Cumulative 286.6 hours Start 2022.08.13 @ 13:29:02 End 2022.08.14 @ 14:13:20 Sessions 5 Manual Loads 0 Difficulty Rogue Special Mode None Game No. 331 Rogue 331 Adventurer 0 Explorer 0 Win Type - Total 11 Types 8/0/2/1/0/0/0/0/0 Lore% 74 Gallery% 87 Achievement% 75 Wizard Run 0 Options --------- ASCII 0 Keyboard 0 Movement Numpad Keybinds 0 Fullscreen 1 Font 18/Terminus Map View 76x50 Tactical HUD 1 Map Filters NONE Filters NONE Steam 1 RUN: 26ad0045-7acc-4875-b696-4dc0b6ad8db0